 Dungeon Crawl Stone Soup version 0.18-a0-1186-gd02dc51 (webtiles) character file.

64 4thArraOfDagon the Chopper (level 3, -1/31 HPs)
             Began as a Centaur Berserker on Jan 28, 2016.
             Was a Follower of Trog.
             Slain by a giant frog zombie (5 damage)
             ... on level 6 of the Dungeon.
             The game lasted 00:03:10 (690 turns).

4thArraOfDagon the Chopper (Centaur Berserker)       Turns: 690, Time: 00:03:11

Health: -1/31      AC:  7    Str: 30      XL:     3   Next: 91%
Magic:  3/3        EV:  6    Int:  6      God:    Trog [*.....]
Gold:   24         SH:  0    Dex:  5 (8)  Spells: 0 memorised, 2 levels left

rFire  . . .     SeeInvis .     e - +0 war axe
rCold  . . .     Gourm    .     f - +0 chain mail
rNeg   . . .     Faith    .     (no shield)
rPois  .         Spirit   .     (no helmet)
rElec  .         Dismiss  .     (no cloak)
rCorr  .         Reflect  .     (no gloves)
SustAt .         Harm     .     (no barding)
MR     .....                    (no amulet)
Stlth  ..........               k - +5 ring of strength
                                i - ring of stealth

@: mighty, exhausted, slowed, not resistant to hostile enchantments, extremely
unstealthy
A: hooves 3, deformed body, speed 2, tough skin 3
a: Berserk, Burn Spellbooks, Renounce Religion


You were on level 6 of the Dungeon.
You worshipped Trog.
Trog was aware of your devotion.
You were very hungry.

You visited 1 branch of the dungeon, and saw 5 of its levels.

You collected 24 gold pieces.

Inventory:

Hand Weapons
 e - a +0 war axe (weapon)
Armour
 f - a +0 chain mail (worn)
Jewellery
 i - a ring of stealth (left hand)
 k - a +5 ring of strength (right hand)
Scrolls
 b - a scroll of identify {unknown}
 d - 2 scrolls of fog {unknown}
 g - a scroll of magic mapping {unknown}
 j - a scroll of enchant armour {unknown}
 l - a scroll of blinking {unknown}
Comestibles
 a - 3 chunks of flesh
 c - 2 bread rations


   Skills:
 + Level 3.4 Fighting
 * Level 3.7 Axes
 + Level 1.9 Armour
 - Level 1.3 Dodging


You had 2 spell levels left.
You didn't know any spells.

Dungeon Overview and Level Annotations

Branches:
Dungeon (4/15)             Temple (0/1) D:4

Altars:
Pakellas

Annotations:
D:6 Prince Ribbit


Innate Abilities, Weirdness & Mutations

You have hooves in place of feet.
Armour fits poorly on your strangely shaped body.
You cover ground very quickly.
You have extremely tough skin (AC +3).


Message History

The quasit claws you but does no damage.
The quasit barely misses you. x2; The quasit completely misses you.
The quasit claws you but does no damage.
The giant frog zombie hits you but does no damage.
Unknown command.
You miss the quasit. Your kick misses the quasit.
The quasit is severely wounded.
You slice the giant frog zombie!!
The quasit bites you but does no damage.
The quasit claws you but does no damage. x2
The giant frog zombie hits you.
* * * LOW HITPOINT WARNING * * *
The quasit bites you.
* * * LOW HITPOINT WARNING * * *
The quasit claws you but does no damage. x2
The giant frog zombie barely misses you.
The quasit bites you but does no damage.
The quasit claws you but does no damage. x2
The giant frog zombie hits you.
You die...

[# ### .# ....
### ......... #
.. #.#......
#.##[##.#......
..............
#..Z........
+..@5......
#......#+##
#......#.###
#####
#.....[....#
#(..#
######.#+#.#
#.#.# ##....#
#.#.#
#.....###.#.#
#.....+.F.#F#
#.....#####.#


You could see a quasit and a giant frog zombie.

Vanquished Creatures
  A hound (D:4)
  2 adders
  A giant cockroach (D:3)
  3 goblins
  3 hobgoblins
  A quokka (D:2)
  A ball python (D:4)
  3 bats
  A giant gecko skeleton (D:4)
16 creatures vanquished.

Notes
Turn   | Place    | Note
--------------------------------------------------------------
     0 | D:1      | 4thArraOfDagon the Centaur Berserker began the quest for the Orb.
     0 | D:1      | Reached XP level 1. HP: 19/19 MP: 1/1
   286 | D:3      | Reached XP level 2. HP: 16/26 MP: 2/2
   369 | D:2      | Reached XP level 3. HP: 16/31 MP: 3/3
   476 | D:4      | Found a staircase to the Ecumenical Temple.
   520 | D:4      | Found an oddly glowing altar of Pakellas.
   584 | D:4      | You fall through a shaft for 2 floors!
   603 | D:6      | Noticed Prince Ribbit
   690 | D:6      | Slain by a giant frog zombie

Vault maps used:
D:1:      mrwooster_arrival_statue_3, tso_metal_star
D:2:      first_bread, ecumenical_altar_2
D:4:      kennysheep_mini_moat, temple_statues, nrook_uturn,
          minmay_tree_intersection, grunt_decor_arrowhead
D:6:      uniq_prince_ribbit1, uniq_eustachio, uniq_sigmund

Action                   || total
-------------------------++-------
Melee: Hand axe          ||    41
       War axe           ||    28
Invok: Berserk           ||     5
  Use: Potion            ||     2
  Eat: Chunk             ||     3
